 Dungeon Crawl Stone Soup version 0.31-a0-202-g547052bce9 (webtiles) character file.

Game seed: 16728018165636107763

6211 qw the Markself (level 10, -1/56 HPs)
             Began as a Deep Elf Hunter on June 26, 2023.
             Was a Believer of Okawaru.
             Slain by a yak (7 damage)
             ... on level 1 of the Lair of Beasts.
             The game lasted 00:03:52 (7558 turns).

qw the Markself (Deep Elf Hunter)                   Turns: 7558, Time: 00:03:53

Health: -1/56      AC: 16    Str: 12    XL:     10   Next: 61%
Magic:  13/15      EV: 19    Int: 15    God:    Okawaru [**....]
Gold:   383        SH:  0    Dex: 24    Spells: 9/9 levels left

rFire   . . .        Y - +0 arbalest (drain)
rCold   + . .        (shield currently unavailable)
rNeg    . . .        f - +3 ring mail {rC+}
rPois   .            (no helmet)
rElec   .            (no cloak)
rCorr   .            g - +2 pair of gloves
SInv    .            c - +2 pair of boots
Will    +....        k - amulet of the acrobat
Stlth   +++          e - +6 ring of dexterity
HPRegen 0.29/turn    (no ring)
MPRegen 0.14/turn

%: acrobat
@: about to teleport, heroic
A: no striking features
a: Renounce Religion, Heroism


You were on level 1 of the Lair of Beasts.
You worshipped Okawaru.
Okawaru was pleased with you.
You visited 3 branches of the dungeon, and saw 11 of its levels.

You collected 487 gold pieces.
You spent 104 gold pieces at shops.


   Skills:
 - Level 4.0(9.0) Fighting
 + Level 17.8(22.8) Ranged Weapons
 - Level 2.0(7.0) Armour
 - Level 7.1(12.1) Dodging
 - Level 1.2(6.2) Stealth
 - Level 4.2 Invocations


You had 9 spell levels left.
You didn't know any spells.
Your spell library was empty.

Inventory:

Hand Weapons
 Y - a +0 arbalest of draining (weapon)
Armour
 c - a +2 pair of boots (worn)
 f - a +3 ring mail of cold resistance (worn)
 g - a +2 pair of gloves (worn)
 j - the +5 ring mail "Giasorphu" {Harm}
   (You found it on level 6 of the Dungeon)

   Harm:      It increases damage dealt and taken.
Jewellery
 e - a +6 ring of dexterity (left hand)
 k - an amulet of the acrobat (around neck)
Scrolls
 a - 4 scrolls of identify
 b - 2 scrolls of teleportation
Potions
 d - a potion of mutation
 h - 4 potions of curing
 i - a potion of degeneration {unknown}
 l - a potion of cancellation {unknown}

Dungeon Overview and Level Annotations

Branches:
Dungeon (9/15)             Temple (1/1) D:7            Lair (1/5) D:9
    Orc: D:9-12

Altars:
Ashenzari
Cheibriados
Dithmenos
Elyvilon
Fedhas
Gozag
Hepliaklqana
Kikubaaqudgha
Makhleb
Nemelex Xobeh
Okawaru
Qazlal
Ru
Sif Muna
Trog
Uskayaw
Vehumet
Wu Jian
Xom
Yredelemnul
Zin
The Shining One

Shops:
D:1 [:?   D:3 [   D:5 (   D:7 !

Annotations:
D:4 2 transporters, qw's ghost, amateur DEHu
D:6 1 runed translucent door, Crazy Yiuf


Message History

Okawaru accepts your kill. The yak gores you but does no damage.
You shoot a bolt.
The bolt hits the yak but does no damage.
You drain the yak.
The yak is lightly wounded.
The yak gores you! The yak gores you. The yak misses you.
You shoot a bolt. The bolt hits the yak!
You drain the yak.
The yak is heavily wounded.
The yak misses you. The yak gores you! The bullfrog misses you.
The yak gores you but does no damage. The yak closely misses you.
The yak gores you but does no damage.
7554 ||| INVOKING Heroism.
You gain the combat prowess of a mighty hero.
The bullfrog misses you. x2; The yak gores you but does no damage. x2
The yak closely misses you. The yak misses you. The yak gores you.
You shoot a bolt. The bolt barely misses the yak.
The bullfrog barely misses you. The yak misses you.
The yak gores you but does no damage. The yak gores you.
The yak barely misses you. The yak gores you but does no damage.
The yak gores you.
You shoot a bolt. The bolt hits the yak!!
The yak is severely wounded.
The bullfrog misses you. The bullfrog closely misses you. The yak gores you! x2
The yak completely misses you. The yak misses you. The yak closely misses you.
The yak barely misses you.
7557 ||| READING 3 scrolls of teleportation.
As you read the scroll of teleportation, it crumbles to dust.
You feel strangely unstable.
The bullfrog hits you but does no damage.
The yak barely misses you. The yak closely misses you.
The yak gores you but does no damage. x2; The yak gores you.
The yak barely misses you.
You shoot a bolt. The bolt hits the yak!!!
You kill the yak!
Okawaru accepts your kill. The bullfrog misses you.
The bullfrog barely misses you. The yak gores you but does no damage.
The yak closely misses you. The yak gores you!
You die...

#. ........##...# ##
........#....# #
.............#
.............# ####
.........#...#####..####
........................
......YYY...............
#.....Y@Y...............
#.....FY................
#.......................
........................
........................
#...P...................
###P####................
## #................
##.#....###......


You could see 6 yaks and a bullfrog.

Vanquished Creatures
  A two-headed ogre (D:9)
  2 cane toads (Lair:1)
  A troll (D:9)
  A polar bear (Lair:1)
  Sigmund (D:6)
  10 yaks
  A wyvern (Lair:1)
  A wraith (D:9)
  3 water moccasins
  2 orc warriors (D:9)
  A sky beast (D:7)
  3 ogres (D:4)
  An ice beast (D:4)
  A centaur (D:8)
  2 phantoms
  2 gnoll sergeants
  3 bullfrogs
  2 kobold brigands (D:9)
  A scorpion (D:6)
  4 wights (D:7)
  A killer bee (D:9)
  A howler monkey (D:6)
  2 gnoll boudas
  6 hounds
  A jelly (D:5)
  An orc priest (D:8)
  2 sleepcaps
  Jessica (D:3)
  4 iguanas
  An orc wizard (D:4)
  22 gnolls
  11 adders
  3 shadow imps
  A worm (D:2)
  3 dart slugs
  15 orcs
  7 endoplasms
  5 giant cockroaches
  8 goblins
  10 hobgoblins
  11 jackals
  A quokka (D:1)
  9 ball pythons
  5 bats
  5 frilled lizards
  8 kobolds
  3 rats
190 creatures vanquished.

Notes
Turn   | Place    | Note
-------+----------+-------------------------------------------
     0 | D:1      | qw the Deep Elf Hunter began the quest for the Orb.
     0 | D:1      | Reached XP level 1. HP: 12/12 MP: 3/3
     0 | D:1      | 0 ||| qw: Version: 0.3-a-22-g0ed2b0b
     0 | D:1      | 0 ||| qw: Game counter: 6131
     0 | D:1      | 0 ||| qw: Melee chars always use a shield: true
     0 | D:1      | 0 ||| qw: God list: Okawaru
     0 | D:1      | 0 ||| qw: Allow faded altars: false
     0 | D:1      | 0 ||| qw: Do Orc after clearing Dungeon:15 true
     0 | D:1      | 0 ||| qw: Do second Lair branch before Depths: true
     0 | D:1      | 0 ||| qw: Lair rune preference: random
     0 | D:1      | 0 ||| qw: Goals: Normal
     0 | D:1      | 0 ||| PLANNING D:1-11
    78 | D:1      | Found Sunaeh's Armour Emporium.
    81 | D:1      | 81 ||| SHOPLISTING +0 ring mail (56 gold, have 9).
    81 | D:1      | 81 ||| SHOPLISTING +0 scale mail (56 gold, have 9).
    81 | D:1      | 81 ||| SHOPLISTING +2 pair of gloves (231 gold, have 9).
    81 | D:1      | 81 ||| SHOPLISTING +2 scale mail of positive energy (252
                  | gold, have 9).
   121 | D:1      | Reached XP level 2. HP: 16/16 MP: 4/4
   125 | D:1      | Reached skill level 6 in Ranged Weapons
   285 | D:1      | Reached XP level 3. HP: 15/20 MP: 5/5
   306 | D:1      | Found Eschuor's Book Emporium.
   497 | D:1      | Reached skill level 7 in Ranged Weapons
   701 | D:1      | Found Ysul's Magic Scroll Emporium.
   704 | D:1      | 704 ||| SHOPLISTING scroll of acquirement (728 gold, have
                  | 26).
   704 | D:1      | 704 ||| SHOPLISTING scroll of enchant weapon (105 gold,
                  | have 26).
   704 | D:1      | 704 ||| SHOPLISTING scroll of identify (28 gold, have 26).
   803 | D:1      | 803 ||| UPGRADING to +2 ring mail of cold resistance.
   813 | D:1      | 813 ||| DROPPING +0 leather armour.
   814 | D:1      | 814 ||| DROPPING ring of flight.
   815 | D:1      | 815 ||| READING 2 scrolls labelled NUEW YJODUE.
   816 | D:1      | 816 ||| READING scroll labelled UPUFIK JIOXIPS.
   817 | D:1      | 817 ||| DRINKING 2 brown potions.
   818 | D:1      | 818 ||| DROPPING scroll of butterflies.
   944 | D:2      | Reached XP level 4. HP: 25/25 MP: 6/6
  1112 | D:2      | Found a faded altar of an unknown god.
  1221 | D:2      | 1221 ||| UPGRADING to +0 pair of gloves.
  1226 | D:2      | 1226 ||| READING scroll labelled FEUSUTE JODO.
  1227 | D:2      | 1227 ||| READING scroll labelled UWUOGA ARRUFE.
  1271 | D:3      | 1271 ||| READING scroll of enchant armour.
  1271 | D:3      | 1271 ||| ENCHANTING +0 pair of gloves.
  1305 | D:3      | Noticed Jessica
  1309 | D:3      | Killed Jessica
  1310 | D:3      | Reached skill level 8 in Ranged Weapons
  1366 | D:3      | Found Guubonn's Antique Armour Emporium.
  1387 | D:3      | 1387 ||| SHOPLISTING glowing scale mail (196 gold, have
                  | 116).
  1387 | D:3      | 1387 ||| SHOPLISTING helmet (126 gold, have 116).
  1387 | D:3      | 1387 ||| SHOPLISTING pair of slimy boots (266 gold, have
                  | 116).
  1387 | D:3      | 1387 ||| SHOPLISTING runed scale mail (196 gold, have 116).
  1504 | D:3      | Reached XP level 5. HP: 29/29 MP: 7/7
  1557 | D:3      | Reached skill level 9 in Ranged Weapons
  1752 | D:3      | 1752 ||| UPGRADING to +2 pair of boots.
  1757 | D:3      | 1757 ||| READING scroll labelled WUNUMN DOIQ.
  1761 | D:3      | 1761 ||| READING scroll labelled XURCHU UXTICOG.
  1762 | D:3      | 1762 ||| DRINKING 2 puce potions.
  1766 | D:3      | 1766 ||| DRINKING 2 grey potions.
  1871 | D:3      | 1871 ||| READING 2 scrolls of identify.
  1871 | D:3      | 1871 ||| IDENTIFYING fizzy green potion
  1872 | D:3      | 1872 ||| DROPPING potion of ambrosia.
  1873 | D:3      | 1873 ||| DROPPING potion of berserk rage.
  1919 | D:4      | 1919 ||| STAIRDANCE
  1990 | D:4      | 1990 ||| STAIRDANCE
  2156 | D:4      | Noticed an ice beast
  2159 | D:4      | Killed an ice beast
  2160 | D:4      | Reached XP level 6. HP: 35/35 MP: 8/8
  2182 | D:4      | 2182 ||| READING scroll of enchant armour.
  2182 | D:4      | 2182 ||| ENCHANTING +1 pair of gloves.
  2262 | D:4      | Reached skill level 10 in Ranged Weapons
  2303 | D:4      | Reached skill level 3 in Dodging
  2303 | D:4      | Reached XP level 7. HP: 40/40 MP: 9/9
  2399 | D:4      | Noticed a two-headed ogre
  2400 | D:4      | Found a transporter.
  2401 | D:4      | Noticed qw's ghost (amateur DEHu)
  2414 | D:4      | Found a transporter.
  2829 | D:4      | 2829 ||| READING scroll labelled SEHADA MOIMERCH.
  2830 | D:4      | 2830 ||| DRINKING 2 ruby potions.
  2831 | D:4      | 2831 ||| DRINKING 2 pink potions.
  2832 | D:4      | 2832 ||| READING 3 scrolls of identify.
  2832 | D:4      | 2832 ||| IDENTIFYING smoky golden potion
  2833 | D:4      | 2833 ||| DROPPING potion of lignification.
  2834 | D:4      | 2834 ||| DROPPING potion of brilliance.
  2835 | D:4      | 2835 ||| DROPPING potion of attraction.
  2884 | D:5      | Entered Level 5 of the Dungeon
  2903 | D:5      | Found Dal Xyola's Antique Weapon Boutique.
  2928 | D:5      | Reached skill level 11 in Ranged Weapons
  3333 | D:5      | Reached skill level 12 in Ranged Weapons
  3333 | D:5      | Reached XP level 8. HP: 44/44 MP: 10/10
  3461 | D:5      | 3461 ||| READING scroll labelled NUBRICE CINIU.
  3462 | D:5      | 3462 ||| READING scroll labelled DEILESCH QADY.
  3684 | D:6      | Noticed Sigmund
  3697 | D:6      | Killed Sigmund
  3698 | D:6      | Reached skill level 3 in Fighting
  3877 | D:6      | Found a runed translucent door.
  3878 | D:6      | Noticed Crazy Yiuf
  3911 | D:6      | Identified the +5 ring mail "Giasorphu" {Harm}
  4242 | D:6      | 4242 ||| READING scroll labelled JUTWUM BOCSEI.
  4243 | D:6      | 4243 ||| READING scroll labelled NACLEIKKIPHU.
  4281 | D:7      | Found a staircase to the Ecumenical Temple.
  4282 | D:7      | 4282 ||| PLANNING TEMPLE
  4289 | Temple   | Entered the Ecumenical Temple
  4290 | Temple   | 4290 ||| PLANNING OKAWARU WORSHIP
  4414 | Temple   | Became a worshipper of Warmaster Okawaru
  4415 | Temple   | 4415 ||| PLANNING D:1-11
  4458 | D:7      | HP: 3/46 [gnoll sergeant/+0 heavy trident (15)]
  4459 | D:7      | 4459 ||| READING scroll of teleportation.
  4460 | D:7      | 4460 ||| DRINKING potion of heal wounds.
  4612 | D:7      | Reached skill level 13 in Ranged Weapons
  4700 | D:7      | Found Xusaropi's Distillery.
  4704 | D:7      | 4704 ||| BUYING potion of mutation (104 gold).
  4704 | D:7      | Bought a potion of mutation for 104 gold pieces
  5004 | D:7      | Reached * piety under Okawaru
  5005 | D:7      | Reached skill level 14 in Ranged Weapons
  5018 | D:7      | 5018 ||| INVOKING Heroism.
  5103 | D:7      | Reached XP level 9. HP: 51/51 MP: 11/11
  5191 | D:7      | Reached skill level 1 in Invocations
  5314 | D:7      | 5314 ||| DROPPING +2 pair of gloves of stealth.
  5315 | D:7      | 5315 ||| READING scroll labelled GUZXECVACS.
  5438 | D:8      | 5438 ||| INVOKING Heroism.
  5481 | D:8      | 5481 ||| READING scroll of enchant armour.
  5481 | D:8      | 5481 ||| ENCHANTING +2 ring mail of cold resistance.
  6079 | D:8      | 6079 ||| UPGRADING to +6 ring of dexterity.
  6109 | D:9      | 6109 ||| STAIRDANCE
  6154 | D:9      | 6154 ||| STAIRDANCE
  6160 | D:8      | Reached skill level 6 in Dodging
  6175 | D:9      | 6175 ||| STAIRDANCE
  6235 | D:9      | 6235 ||| STAIRDANCE
  6238 | D:8      | 6238 ||| INVOKING Heroism.
  6253 | D:8      | Reached skill level 3 in Invocations
  6256 | D:8      | 6256 ||| INVOKING Heroism.
  6352 | D:9      | 6352 ||| SWAPPING to +0 arbalest of draining.
  6353 | D:9      | 6353 ||| DROPPING +1 shortbow of draining.
  6435 | D:9      | 6435 ||| FLEEEEING.
  6436 | D:9      | 6436 ||| FLEEEEING.
  6437 | D:9      | 6437 ||| FLEEEEING.
  6438 | D:9      | 6438 ||| FLEEEEING.
  6439 | D:9      | 6439 ||| FLEEEEING.
  6446 | D:9      | Reached ** piety under Okawaru
  6504 | D:9      | Reached skill level 15 in Ranged Weapons
  6553 | D:9      | Found a staircase to the Lair.
  6649 | D:9      | 6649 ||| UPGRADING to amulet of the acrobat.
  6660 | D:9      | 6660 ||| READING scroll labelled MIMEUX PIEHI.
  6664 | D:9      | 6664 ||| INVOKING Heroism.
  6685 | D:9      | Noticed a troll
  6864 | D:9      | Found a bloodstained altar of Trog.
  6866 | D:9      | Found a white marble altar of Elyvilon.
  7003 | D:9      | 7003 ||| INVOKING Heroism.
  7007 | D:9      | Killed a troll
  7008 | D:9      | Reached XP level 10. HP: 56/56 MP: 12/15
  7026 | D:9      | Noticed a two-headed ogre
  7072 | D:9      | 7072 ||| INVOKING Heroism.
  7191 | D:9      | 7191 ||| INVOKING Heroism.
  7194 | D:9      | Killed a two-headed ogre
  7195 | D:9      | Reached skill level 16 in Ranged Weapons
  7224 | D:9      | 7224 ||| PLANNING LAIR
  7285 | Lair:1   | Entered Level 1 of the Lair of Beasts
  7297 | Lair:1   | Noticed a cane toad
  7298 | Lair:1   | 7298 ||| INVOKING Heroism.
  7302 | Lair:1   | Killed a cane toad
  7350 | Lair:1   | Reached skill level 17 in Ranged Weapons
  7441 | Lair:1   | 7441 ||| INVOKING Heroism.
  7521 | Lair:1   | Noticed a cane toad
  7522 | Lair:1   | 7522 ||| INVOKING Heroism.
  7524 | Lair:1   | Killed a cane toad
  7554 | Lair:1   | 7554 ||| INVOKING Heroism.
  7556 | Lair:1   | HP: 6/56 [yak (11)]
  7557 | Lair:1   | 7557 ||| READING 3 scrolls of teleportation.
  7558 | Lair:1   | Slain by a yak

Levels and vault maps discovered:
D:1:      sevenhm_arrival_forest_fort_small_4, layout_loops_ring, serial_shops,
          nicolae_shop_rolled_up, nicolae_shop_behind_doors, shop
D:2:      layout_rooms, ebering_ecumenical_altar_box, nrook_campfire
D:3:      minmay_chambers_of_threes, layout_rooms, serial_shops,
          nicolae_shop_tiny_glass, uniq_jessica
D:4:      layout_cave_pods, gammafunk_ghost_arena, small_statue_intersection,
          kennysheep_generic_room_11
D:5:      layout_cave_pools, serial_shops, shop
D:6:      layout_basic, uniq_sigmund, uniq_crazy_yiuf_cottage
D:7:      layout_cave_pods, minmay_temple_entry_glass, serial_shops,
          nicolae_shop_stone
D:8:      layout_loops_ring
D:9:      layout_small_grid, grunt_temple_overflow_open, dpeg_oklobed_lair,
          minmay_tree_intersection, minmay_puff
Temple:   nicolae_temple_bog_church
Lair:1:   layout_gridlike

Skill      XL: |  1  2  3  4  5  6  7  8  9 10 |
---------------+-------------------------------+-----
Ranged Weapons | 6 7 8 9 10 12 14 15 17 | 17.8
Fighting       | 2 3 4 |  4.0
Armour         | 2 |  2.0
Dodging        | 3 4 7 |  7.1
Invocations    | 4 |  4.2
Stealth        | |  1.2

Action                     |  1- 3 |  4- 6 |  7- 9 | 10-12 || total
---------------------------+-------+-------+-------+-------++-------
   Fire: Shortbow          |   117 |   166 |   346 |       ||   629
         Arbalest          |       |       |    36 |    63 ||    99
 Invoke: Heroism           |       |       |     6 |     6 ||    12
    Use: Scroll            |     2 |     7 |    10 |     1 ||    20
         Potion            |     1 |     2 |     3 |       ||     6
 Armour: Leather armour    |     6 |       |       |       ||     6
         Ring mail         |     2 |    27 |    71 |    17 ||   117
  Dodge: Dodged            |    45 |    43 |   130 |    56 ||   274

Table legend:
 A = Non-vault XP
 B = Vault XP
 C = Vault XP percentage of total XP
 D = Non-vault monster count
 E = Vault monster count
 F = Vault count percentage of total count
                 A         B        C        D         E       F
            +---------+---------+-------+---------+---------+-------
      Total |    7566 |    1510 |  16.6 |     171 |      19 |  10.0
            +---------+---------+-------+---------+---------+-------
        D:1 |      74 |       0 |   0.0 |      28 |       0 |   0.0
        D:2 |      54 |       0 |   0.0 |      22 |       0 |   0.0
        D:3 |     104 |     102 |  49.5 |      14 |      13 |  48.1
        D:4 |     721 |       0 |   0.0 |      22 |       0 |   0.0
        D:5 |     447 |       0 |   0.0 |      17 |       0 |   0.0
        D:6 |     393 |     223 |  36.2 |       9 |       1 |  10.0
        D:7 |     985 |       0 |   0.0 |      20 |       0 |   0.0
        D:8 |    1110 |       0 |   0.0 |      17 |       0 |   0.0
        D:9 |    1515 |    1185 |  43.9 |      13 |       5 |  27.8
     Lair:1 |    2163 |       0 |   0.0 |       9 |       0 |   0.0
            +---------+---------+-------+---------+---------+-------
